 Dungeon Crawl Stone Soup version 0.22-a0-603-gfc1114d (webtiles) character file.

2026122 kuniqs the Talismancer (level 27, 262/262 HPs)
             Began as a Deep Dwarf Fighter on July 7, 2018.
             Was the Champion of Makhleb.
             Escaped with the Orb
             ... and 3 runes!
             The game lasted 02:02:05 (50306 turns).

kuniqs the Talismancer (Deep Dwarf Fighter)        Turns: 50306, Time: 02:02:06

Health: 262/262    AC: 47    Str: 31    XL:     27
Magic:  9/9        EV: 14    Int: 15    God:    Makhleb [******]
Gold:   151        SH: 25    Dex: 15    Spells: 26/26 levels left

rFire    + + .     SeeInvis .   a - +9 broad axe (freeze)
rCold    + . .     Gourm    .   j - +0 large shield
rNeg     + + .     Faith    .   Y - +8 plate armour of the Hall of Blades {rN+ MR+}
rPois    .         Spirit   .   (helmet restricted)
rElec    .         Reflect  .   o - scarf {rC+ rF+}
rCorr    .         Harm     .   T - +2 pair of gloves {Dex+3}
MR       +++++     Clarity  +   H - +1 pair of boots of Eragoeheu {rF+}
Stlth    ..........             b - amulet of the acrobat
HPRegen  0.00/turn              N - +3 ring of protection
MPRegen  0.11/turn              z - +4 ring of protection

@: non-regenerating, hasted, very quick
A: damage resistance, heal wounds, horns 1, slimy green scales 1, thin metallic
scales 1, clarity, clever 2, frail 1, low mp 1, negative energy resistance 1,
sense surroundings 3, shaggy fur 1, evolution 1, no regeneration
0: Orb of Zot
}: 3/15 runes: decaying, silver, gossamer
a: Heal Wounds, Minor Destruction, Lesser Servant of Makhleb, Major Destruction,
Greater Servant of Makhleb, Renounce Religion


You escaped.
You worshipped Makhleb.
Makhleb was exalted by your worship.
You were hungry.

You visited 10 branches of the dungeon, and saw 50 of its levels.
You visited the Abyss 1 time.
You also visited: Ice Cave.

You collected 8259 gold pieces.
You spent 8108 gold pieces at shops.

Inventory:

Hand Weapons
 a - a +9 broad axe of freezing (weapon)
Armour
 j - a +0 large shield (worn)
 o - a scarf of resistance (worn)
 H - the +1 pair of boots of Eragoeheu (worn) {rF+}
   (You bought it in a shop on level 7 of the Dungeon)

   It protects you from fire.
 L - a +2 cloak of magic resistance
 O - the +0 helmet of Intercession {rPois rN+}
   (You bought it in a shop on level 7 of the Dungeon)

   It protects you from poison.
   It protects you from negative energy.
 T - a +2 pair of gloves of dexterity (worn)
 Y - the +8 plate armour of the Hall of Blades (worn) {rN+ MR+}
   (You bought it in a shop on level 2 of the Orcish Mines)

   It protects you from negative energy.
   It affects your resistance to hostile enchantments.
Jewellery
 b - an amulet of the acrobat (around neck)
 z - a +4 ring of protection (right hand)
 N - a +3 ring of protection (left hand)
Wands
 g - a wand of paralysis (8)
 q - a wand of digging (74)
 C - a wand of flame (11)
 D - a wand of polymorph (35)
 J - a wand of acid (6)
 K - a wand of disintegration (7)
 M - a wand of iceblast (17)
 S - a wand of scattershot (16)
 V - a wand of enslavement (10)
 X - a wand of clouds (12)
Scrolls
 c - 3 scrolls of summoning
 e - 23 scrolls of remove curse {@r2}
 l - 9 scrolls of blinking
 m - 4 scrolls of fear
 p - 10 scrolls of fog
 s - 12 scrolls of enchant armour
 u - 4 scrolls of immolation
 v - 23 scrolls of identify {@r1}
 y - 28 scrolls of teleportation
 B - 3 scrolls of vulnerability
 F - 2 scrolls of silence
 I - 5 scrolls of magic mapping
 U - a scroll of holy word
Potions
 d - 8 potions of might
 h - 16 potions of curing {@q1}
 k - 6 potions of agility
 n - 2 potions of lignification
 r - 3 potions of mutation
 t - a potion of haste
 x - 8 potions of ambrosia
 A - a potion of resistance
 G - 3 potions of cancellation
 Q - a potion of invisibility
 R - 6 potions of heal wounds
Miscellaneous
 i - a lamp of fire
 w - a fan of gales
 P - a phial of floods
 W - a sack of spiders
 Z - 2 boxes of beasts
Comestibles
 f - 103 rations


   Skills:
 + Level 25.8 Fighting
 - Level 18.0 Axes
 - Level 22.0 Armour
 - Level 10.0 Dodging
 - Level 20.0 Shields
 - Level 8.0 Invocations
 O Level 27 Evocations


You had 26 spell levels left.
You didn't know any spells.
Your spell library was empty.

Dungeon Overview and Level Annotations

Branches:
Dungeon (15/15)            Temple (1/1) D:7            Lair (6/6) D:9
  Swamp (4/4) Lair:4       Spider (4/4) Lair:3        Slime (0/5) Lair:6
    Orc (2/2) D:12            Elf (3/3) Orc:2        Vaults (5/5) D:14
  Crypt (0/3) Vaults:2     Depths (5/5) D:15            Zot (5/5) Depths:5

Altars:
Cheibriados
Dithmenos
Elyvilon
Fedhas
Hepliaklqana
Kikubaaqudgha
Makhleb
Nemelex Xobeh
Okawaru
Qazlal
Ru
Sif Muna
Trog
Uskayaw
Vehumet
Wu Jian
Xom
Yredelemnul
Zin
The Shining One
Lugonu

Shops:
D:6 (   D:7 [=[[%   D:8 *   D:13 [   D:14 *   Orc:2 (:[!*   Vaults:3 ?
Depths:1 ?

Portals:
Hell: Depths:1 Depths:2 Depths:3 Depths:4 Depths:5
Abyss: Depths:4
Pandemonium: Depths:3
Ziggurat: Depths:2
Trove: D:12 (give +5 demon trident)

Annotations:
D:6 3 runed doors, Uberwunderbarhen's ghost, amateur MiFi; galech's ghost, novice OgBe; sking99's ghost, novice DrTm
Lair:2 exclusion: oklob plant
Lair:6 exclusion: oklob plant
Elf:2 3 runed doors
Elf:3 exclusion: Roxanne, Roxanne
Depths:2 exclusions: angel and 3 more exclusions
Zot:2 2 transporters, exclusion: obsidian statue


Innate Abilities, Weirdness & Mutations

You are resistant to damage.
You can heal yourself by infusing magical energy.
You resist negative energy. (rN+)
You passively map a large area around you.
You do not regenerate.
You have a pair of small horns on your head.
You are partially covered in slimy green scales. (AC +2)
You are partially covered in thin metallic scales. (AC +2)
You possess an exceptional clarity of mind.
Your mind is very acute. (Int +4)
You are frail. (-10% HP)
Your magical capacity is low. (-10% MP)
You are covered in fur. (AC +1)
You evolve.


Message History

Ye see 'ere an arrow.
Tha helpless tormn'tor fails ta defend itself.
Ye slash tha tormn'tor!
Ye freeze tha tormn'tor.
Tha helpless tormn'tor fails ta defend itself.
Ye slash tha tormn'tor!
Ye freeze tha tormn'tor!
Ye kill tha tormn'tor!
Makhleb accepts yer kill.
Ye feel better.
Tha cherub shoots an arrow.
Ye block tha arrow.
Ye see 'ere an arrow.
An orange demon comes inta view.
Tha orange demon screeches!
Ye block tha orange demon's attack.
Tha orange demon closely misses ye.
Tha orange demon stin's ye but does nay damage.
Ye block tha orange demon's attack.
Ye block tha orange demon's attack.
Ye see 'ere a rin' mail.
Ye be feelin' hungry.
Thar be a staircase leadin' outta tha dungeon 'ere.
Ye haf 'scaped!

#.....#...#....#.# #.#
########.#......#.#
###+##
#............####.#
#.....
#.######..........##
##..... #.#
###...###...###......
#.#
#.............#......
#.#
##..)..........#......
#.#
##...###...###...4.....
#.#
#....#@......#....#####
#.# #....#.......#.[..#
# #.#
#.#.(.......4...#.# #
#.####.#......#......#.#
#
#......#.............#.#
#
######....#.......#....#
# #....#......>#....# #
#....###...###....# #
#.#.............#.#####


You could see an orange demon.

Vanquished Creatures
  Mara (Spider:4)
  3 orbs of fire (Zot:5)
  Mennas (Vaults:5)
  6 ancient liches
  A juggernaut (Depths:3)
  4 curse toes
  7 caustic shrikes
  3 Killer Klowns
  7 golden dragons
  A profane servitor (Depths:5)
  A Tzitzimitl (Depths:2)
  31 tentacled monstrosities
  An electric golem (Zot:5)
  Jorgrun (Depths:5)
  2 deep elf blademasters (Elf:3)
  21 Orb Guardians
  Asterion (Elf:2)
  2 deep elf master archers (Elf:3)
  3 titans
  13 quicksilver dragons
  A tentacled starspawn (Abyss:2)
  Gastronok (Lair:2)
  18 death cobs
  An ancient champion (Depths:5)
  14 storm dragons
  11 shadow dragons
  6 draconian monks
  4 sphinxes
  A thorn hunter (Swamp:3)
  7 tengu reavers
  12 fire giants
  4 draconian knights
  9 deep elf sorcerers
  4 draconian shifters
  8 ghost moths
  12 frost giants
  12 draconian scorchers
  4 emperor scorpions
  A curse skull (Vaults:2)
  9 vault wardens
  14 draconian stormcallers
  Aizul (Vaults:3)
  2 iron dragons
  A ghoul (Vaults:1)
  6 draconian annihilators
  2 spriggan defenders (Depths:3)
  8 deep elf elementalists
  15 ironheart preservers
  A war gargoyle (Vaults:5)
  15 very ugly things
  6 entropy weavers
  24 stone giants
  The ghost of Scuka the Bludgeoner, a journeyman GrBe of Trog (Orc:1)
  9 black draconians
  2 vampire knights (Depths:5)
  5 green draconians
  4 white draconians
  Azrael (D:15)
  7 deep elf demonologists
  12 red draconians
  9 purple draconians
  9 spark wasps
  9 deep elf annihilators
  8 yellow draconians
  An ettin (shapeshifter) (Vaults:5)
  A merfolk impaler (Depths:1)
  A green death (Abyss:2)
  8 deep elf death magi
  21 ettins
  A crystal guardian (Vaults:2)
  20 yaktaur captains
  A jiangshi (Depths:3)
  13 ogre magi
  3 deep elf high priests
  14 fire dragons
  Harold (Orc:1)
  5 great orbs of eyes
  27 vault guards
  12 ice dragons
  18 hydras
  2 ghost crabs (Swamp:2)
  5 spriggan air magi
  5 rakshasas
  A hell beast (Depths:5)
  An anaconda (Lair:6)
  A catoblepas (Lair:6)
  An anaconda (shapeshifter) (Vaults:5)
  11 centaur warriors
  5 death yaks
  4 death knights
  16 dancing weapons
  9 tengu warriors
  33 two-headed ogres
  6 deep troll shamans
  3 vampire magi
  8 death scarabs (Spider:4)
  17 alligators
  2 orc high priests (Orc:2)
  7 spriggan berserkers
  10 deep troll earth magi
  2 thrashing horrors (Abyss:2)
  2 soul eaters
  16 deep elf knights
  A wretched star (Abyss:2)
  11 spriggans
  9 hell knights
  4 salamander mystics
  A fire crab (shapeshifter) (Depths:3)
  2 spectral emperor scorpions (Spider:4)
  3 shadow wraiths
  5 skeletal warriors
  17 deep trolls
  4 unseen horrors
  4 shambling mangroves
  4 flayed ghosts
  An unseen horror (shapeshifter) (Depths:3)
  5 wizards
  A death drake (Spider:3)
  A sea snake (shapeshifter) (Depths:3)
  A swamp dragon (shapeshifter) (Depths:2)
  An orange crystal statue (Elf:2)
  6 glowing orange brains
  3 spectral wolf spiders (Spider:4)
  8 swamp dragons
  17 deep elf archers
  A spriggan druid (Swamp:2)
  55 deep elf magi
  Pikel (D:6)
  A harpy (D:14)
  15 orc knights
  An anaconda skeleton (Abyss:2)
  6 phantasmal warriors
  7 orb spiders
  8 orc sorcerers
  2 orb spiders (shapeshifter)
  A lindwurm (Lair:6)
  3 cyclopes
  3 wolf spider zombies (Spider:4)
  A stone giant zombie (Depths:1)
  15 ironbrand convokers
  5 necromancers
  34 wolf spiders
  41 ugly things
  2 manticores
  21 moths of wrath
  13 salamanders
  19 elephants
  7 black mambas
  2 rust devils
  A naga mage (D:15)
  An ice statue (IceCv)
  8 vault sentinels
  A torpor snail (Lair:6)
  A smoke demon (D:12)
  A guardian serpent (shapeshifter) (Vaults:1)
  5 centaur zombies
  3 gargoyles
  16 spiny frogs
  2 orange demons
  A kobold demonologist (D:12)
  4 spectral redbacks (Spider:4)
  8 komodo dragons
  A yaktaur (shapeshifter) (Depths:4)
  37 yaktaurs
  7 rime drakes
  A redback zombie (Spider:4)
  An ice devil (D:8)
  2 tormentors (D:1)
  6 trolls
  A golden dragon simulacrum (Depths:5)
  6 tengu conjurers
  An ancient zyme (Abyss:2)
  16 demonic crawlers
  4 freezing wraiths
  A komodo dragon (shapeshifter) (Vaults:2)
  13 tyrant leeches
  A wandering mushroom (Lair:5)
  A meliai (shapeshifter) (Depths:2)
  29 jumping spiders
  A merfolk (shapeshifter) (Depths:1)
  3 polar bears (shapeshifter)
  Grinder (D:6)
  26 polar bears
  A red devil (Depths:2)
  A hornet (shapeshifter) (Vaults:3)
  6 hippogriffs
  2 jumping spider zombies (Spider:4)
  28 slime creatures
  6 bog bodies
  A raiju (Lair:6)
  28 hornets
  17 blink frogs
  4 spectral jumping spiders (Spider:4)
  A hippogriff (shapeshifter) (Depths:4)
  A dream sheep (shapeshifter) (D:14)
  3 tarantella zombies (Spider:4)
  6 dream sheep (Lair:6)
  2 spectral tarantellas (Spider:4)
  A redback (shapeshifter) (Depths:3)
  2 spriggan skeletons (Depths:1)
  68 redbacks
  A centaur simulacrum (D:14)
  4 ynoxinuls
  9 water elementals
  2 fire dragon skeletons (Depths:1)
  2 shadows
  A wraith (Vaults:1)
  A flying skull (Vaults:2)
  33 tarantellas
  A tarantella (shapeshifter) (Depths:3)
  60 yaks
  2 air elementals (Elf:1)
  17 humans
  2 vampires
  3 wyverns
  2 humans (shapeshifter)
  A steam dragon (D:11)
  3 golden eyes
  2 spriggan simulacra (Depths:1)
  3 fire elementals
  A hog (shapeshifter) (Vaults:3)
  A hungry ghost (D:14)
  A basilisk (Lair:6)
  3 hogs (D:7)
  15 vampire mosquitoes
  3 insubstantial wisps (Swamp:4)
  9 wargs
  16 swamp worms
  2 soldier ants
  3 acid dragons
  8 water moccasins
  19 hell hounds
  A floating eye (Depths:2)
  10 porcupines
  A sky beast (shapeshifter) (Depths:3)
  A spectral hornet (Spider:4)
  An ettin simulacrum (Vaults:1)
  A floating eye (shapeshifter) (Vaults:5)
  13 swamp drakes
  40 orc warriors
  5 sky beasts
  A meliai simulacrum (D:14)
  2 hornet zombies (D:15)
  6 ice beasts
  15 black bears
  2 phantoms
  An eye of draining (D:14)
  12 boggarts
  29 ogres
  43 wolves
  10 centaurs
  10 crocodiles
  A centaur (shapeshifter) (Depths:5)
  2 big kobolds
  9 bullfrogs
  A wyvern zombie (D:13)
  2 earth elementals
  A deep troll simulacrum (Vaults:2)
  A gnoll sergeant (D:9)
  A wyvern skeleton (D:13)
  8 small abominations
  A water moccasin skeleton (D:9)
  A scorpion (D:9)
  12 killer bees
  A human simulacrum (Vaults:2)
  2 howler monkeys
  13 wights
  14 crimson imps
  6 hounds
  A bullfrog zombie (D:8)
  11 centaur skeletons
  10 jellies
  A gnoll shaman (D:3)
  34 orc priests
  2 bullfrog skeletons
  4 iguanas
  26 orc wizards
  9 worker ants
  A killer bee zombie (D:9)
  A hound zombie (D:9)
  Robin (D:3)
  9 gnolls
  15 adders
  5 shadow imps
  2 ufetubi (Abyss:2)
  An ooze (D:2)
  3 adder zombies
  An adder skeleton (D:2)
  2 worms
  3 dart slugs
  8 leopard geckos
  86 orcs
  A ball python (D:5)
  9 bats
  A giant cockroach (D:3)
  14 goblins
  10 hobgoblins
  14 jackals
  13 kobolds
  5 quokkas
  A ball python zombie (D:5)
  3 frilled lizards
  A jackal skeleton (D:5)
  A leopard gecko skeleton (D:2)
  2 quokka skeletons
  7 rats
  A crawling corpse (Depths:4)
  6 fungi
  5 plants
2336 creatures vanquished.

Vanquished Creatures (collateral kills)
  A bone dragon (Abyss:2)
  A Tzitzimitl (Depths:2)
  A lich (Depths:2)
  A thorn hunter (Lair:5)
  3 hydras
  5 death yaks
  2 orc high priests (Orc:2)
  A thrashing horror (Abyss:2)
  A wizard (D:15)
  2 black mambas (Lair:6)
  A shock serpent skeleton (Abyss:2)
  A rime drake (Lair:6)
  An efreet (Abyss:2)
  A spiny frog (Lair:6)
  2 wandering mushrooms (Lair:5)
  An ancient zyme (Abyss:2)
  2 polar bears (IceCv)
  3 slime creatures (D:14)
  5 dream sheep (Lair:6)
  A shadow (D:14)
  4 yaks
  A hungry ghost (D:14)
  A wolf (IceCv)
  3 centaurs (D:14)
  An electric eel (Lair:2)
  6 orc priests (Orc:2)
  6 orc wizards (Orc:2)
  An orc (Orc:2)
  A fungus (Lair:5)
60 creatures vanquished.

Vanquished Creatures (others)
  A ghost moth (Zot:4)
  A deep elf knight (Elf:2)
  A spriggan druid (Swamp:4)
  A deep troll (Depths:3)
  2 wizards
  An orb spider (Spider:4)
  2 slime creatures (D:14)
  A moth of wrath (Zot:5)
  A spiny frog (Lair:6)
  A rime drake (Lair:6)
  2 polar bears (IceCv)
  A spriggan (Swamp:2)
  4 insubstantial wisps (Swamp:2)
  2 boggarts
  An orc wizard (Orc:2)
  An adder (D:7)
  A ball python (D:2)
  16 plants
  2 starspawn tentacles (Abyss:2)
  4 withered plants (D:6)
46 creatures vanquished.

Grand Total: 2442 creatures vanquished

Notes
Turn   | Place    | Note
-------+----------+-------------------------------------------
     0 | D:1      | kuniqs the Deep Dwarf Fighter began the quest for the Orb.
     0 | D:1      | Reached XP level 1. HP: 20/20 MP: 1/1
   141 | D:1      | Reached XP level 2. HP: 27/27 MP: 2/2
   209 | D:1      | You fall through a shaft!
   605 | D:1      | Reached skill level 1 in Dodging
   893 | D:2      | Reached XP level 3. HP: 33/33 MP: 2/2
  1191 | D:2      | Reached XP level 4. HP: 35/42 MP: 3/3
  1331 | D:2      | Found a radiant altar of Vehumet.
  1619 | D:3      | Noticed a big kobold
  1722 | D:3      | Found a basalt altar of Yredelemnul.
  1843 | D:3      | Noticed Robin
  1888 | D:3      | Reached XP level 5. HP: 45/49 MP: 4/4
  1897 | D:3      | Killed Robin
  2139 | D:3      | Found a white marble altar of Elyvilon.
  2564 | D:3      | Reached XP level 6. HP: 43/57 MP: 5/5
  2796 | D:4      | Found a snail-covered altar of Cheibriados.
  3239 | D:5      | Entered Level 5 of the Dungeon
  3239 | D:5      | Found a sparkling altar of Nemelex Xobeh.
  3240 | D:5      | Noticed a sky beast
  3280 | D:5      | Reached XP level 7. HP: 44/64 MP: 6/6
  3284 | D:5      | Reached skill level 5 in Armour
  3318 | D:5      | Reached skill level 5 in Shields
  3850 | D:6      | Reached XP level 8. HP: 63/73 MP: 7/7
  3957 | D:6      | Found a runed gate.
  3957 | D:6      | Found a runed gate.
  3957 | D:6      | Found a runed gate.
  3964 | D:6      | Noticed Uberwunderbarhen's ghost (amateur MiFi)
  3966 | D:6      | Noticed sking99's ghost (novice DrTm)
  3966 | D:6      | Noticed galech's ghost (novice OgBe)
  3972 | D:6      | Reached skill level 1 in Evocations
  3981 | D:6      | Reached skill level 5 in Axes
  4167 | D:6      | Noticed Pikel
  4227 | D:6      | Killed Pikel
  4227 | D:6      | Reached skill level 5 in Fighting
  4227 | D:6      | Reached skill level 5 in Dodging
  4227 | D:6      | Reached skill level 3 in Evocations
  4258 | D:6      | Found a stormy altar of Qazlal.
  4262 | D:6      | Noticed Grinder
  4262 | D:6      | Paralysed by Grinder for 6 turns
  4284 | D:6      | Paralysed by Grinder for 7 turns
  4300 | D:6      | Killed Grinder
  4337 | D:6      | Found a glowing golden altar of the Shining One.
  4337 | D:6      | Found a stormy altar of Qazlal.
  4466 | D:6      | Found Dasalo's Weapon Boutique.
  4494 | D:6      | Gained mutation: You passively map the area around you. [Deep Dwarf growth]
  4494 | D:6      | Reached XP level 9. HP: 70/81 MP: 9/9
  4837 | D:7      | Found Xammist's Jewellery Shop.
  4864 | D:7      | Bought a cursed amulet of inaccuracy for 24 gold pieces
  4909 | D:7      | Found a staircase to the Ecumenical Temple.
  4918 | Temple   | Entered the Ecumenical Temple
  4995 | Temple   | Became a worshipper of Makhleb the Destroyer
  5074 | D:7      | Reached skill level 1 in Invocations
  5090 | D:7      | Found Nuafeph's Antique Armour Boutique.
  5138 | D:7      | Reached skill level 4 in Evocations
  5299 | D:7      | Found Kovvell's Food Boutique.
  5553 | D:8      | Found Zin's Purification Station.
  5570 | D:8      | Reached skill level 5 in Evocations
  5573 | D:7      | Found Docion's Armour Emporium.
  5643 | D:7      | Bought the +1 pair of boots of Eragoeheu {rF+} for 305 gold pieces
  5663 | D:7      | Found Heschazi's Armour Shoppe.
  5814 | D:8      | Found a glowing silver altar of Zin.
  6091 | D:8      | Reached * piety under Makhleb
  6186 | D:8      | Reached XP level 10. HP: 57/91 MP: 11/11
  6253 | D:8      | Noticed Maurice
  6255 | D:8      | Noticed Maurice
  6255 | D:8      | Maurice changed into Maurice the golden eye
  6332 | D:8      | Killed Maurice the golden eye
  6528 | D:8      | Found an ornate altar of the Wu Jian Council.
  7005 | D:9      | Noticed a skeletal warrior
  7048 | D:9      | Killed a skeletal warrior
  7048 | D:9      | Reached skill level 6 in Evocations
  7110 | D:9      | Noticed a white ugly thing
  7111 | D:9      | Reached ** piety under Makhleb
  7160 | D:9      | Killed a purple ugly thing
  7160 | D:9      | Reached skill level 5 in Invocations
  7294 | D:9      | Noticed a gargoyle
  7295 | D:9      | Found an ornate altar of the Wu Jian Council.
  7300 | D:9      | Killed a gargoyle
  7368 | D:9      | Noticed a two-headed ogre
  7374 | D:9      | Killed a two-headed ogre
  7468 | D:9      | Reached skill level 7 in Evocations
  7510 | D:9      | Found a staircase to the Lair.
  7572 | D:9      | Reached XP level 11. HP: 96/99 MP: 12/12
  7761 | D:9      | Noticed a two-headed ogre
  7838 | D:9      | Killed a two-headed ogre
  8084 | D:9      | Reached *** piety under Makhleb
  8299 | D:10     | Entered Level 10 of the Dungeon
  8846 | D:10     | Noticed Sonja
  8847 | D:10     | Noticed Sonja
  8847 | D:10     | Sonja changed into Sonja the rime drake
  8856 | D:10     | Killed Sonja the rime drake
  9134 | D:11     | Noticed a two-headed ogre
  9145 | D:11     | Killed a two-headed ogre
  9145 | D:11     | Reached skill level 8 in Evocations
  9166 | D:11     | Noticed a cyan ugly thing
  9188 | D:11     | Killed a cyan ugly thing
 10110 | D:7      | Bought the +2 ratskin cloak {+Rats rPois rN+ Str-1 Int-1 Dex+1} for 556 gold pieces
 10110 | D:7      | Found the +2 ratskin cloak {+Rats rPois rN+ Str-1 Int-1 Dex+1}
 10218 | Lair:1   | Entered Level 1 of the Lair of Beasts
 10275 | Lair:1   | Reached **** piety under Makhleb
 10321 | Lair:1   | Got a bloodstained cloak
 10577 | Lair:1   | Identified the -5 cloak of Elyvilon's Regard {rPois rC- Dex+2} (You found it on level 1 of the Lair of Beasts)
 10835 | Lair:1   | Reached XP level 12. HP: 73/110 MP: 10/10
 11095 | Lair:2   | Noticed a seven-headed hydra
 11109 | Lair:2   | Killed a seven-headed hydra
 11200 | Lair:2   | Reached skill level 9 in Evocations
 11385 | Lair:2   | Noticed Gastronok
 11400 | Lair:2   | Killed Gastronok
 11530 | Lair:2   | Noticed a five-headed hydra
 11538 | Lair:2   | Killed a five-headed hydra
 11973 | Lair:3   | Found a hole to the Spider Nest.
 11999 | Lair:3   | Noticed Urug
 12000 | Lair:3   | Noticed Urug
 12000 | Lair:3   | Urug changed into Urug the komodo dragon
 12014 | Lair:3   | Killed Urug the komodo dragon
 12054 | Lair:3   | Reached skill level 10 in Armour
 12240 | Lair:3   | Reached skill level 10 in Shields
 12509 | Lair:4   | Found a frozen archway.
 12524 | Lair:4   | Reached skill level 10 in Evocations
 12531 | IceCv    | Entered an ice cave
 12639 | IceCv    | Reached skill level 10 in Axes
 12762 | IceCv    | Reached XP level 13. HP: 109/118 MP: 12/12
 12850 | IceCv    | Reached ***** piety under Makhleb
 13107 | IceCv    | Reached skill level 10 in Dodging
 13158 | IceCv    | Noticed a frost giant
 13164 | IceCv    | Killed a frost giant
 13438 | Lair:4   | Reached skill level 11 in Evocations
 13545 | Lair:4   | Found a staircase to the Swamp.
 14504 | Lair:5   | Noticed a thorn hunter
 14504 | Lair:5   | an oklob plant changed into a thorn hunter
 14529 | Lair:5   | Killed a thorn hunter
 14539 | Lair:5   | Gained mutation: You resist negative energy. (rN+) [Deep Dwarf growth]
 14539 | Lair:5   | Reached XP level 14. HP: 99/130 MP: 14/14
 14760 | Lair:6   | Entered Level 6 of the Lair of Beasts
 14829 | Lair:6   | Reached skill level 12 in Evocations
 14974 | Lair:6   | Reached skill level 10 in Fighting
 15164 | Lair:6   | Found a blossoming altar of Fedhas.
 15222 | Lair:6   | Found a staircase to the Slime Pits.
 15500 | Lair:6   | Gained mutation: Your magical capacity is low. (-10% MP) [mutagenic glow]
 15768 | Lair:6   | Got a dazzling flail
 15970 | Lair:6   | Got a spiked ring mail
 16244 | Lair:6   | Reached skill level 13 in Evocations
 16440 | Lair:6   | Reached ****** piety under Makhleb
 16931 | D:12     | Found a portal to a secret trove of treasure.
 17006 | D:12     | Found a staircase to the Orcish Mines.
 17548 | D:12     | Found a burning altar of Makhleb.
 17550 | D:12     | Found a bloodstained altar of Trog.
 17550 | D:12     | Found a hazy altar of Hepliaklqana.
 17552 | D:12     | Found a radiant altar of Vehumet.
 17552 | D:12     | Found a hide-covered altar of Uskayaw.
 17552 | D:12     | Found a shimmering altar of Xom.
 17826 | D:13     | Found Vaolitt's Armour Shop.
 17834 | D:13     | Bought a +2 pair of gloves of dexterity for 322 gold pieces
 18333 | D:13     | Reached XP level 15. HP: 140/140 MP: 12/12
 18465 | D:14     | Found a gate to the Vaults.
 18814 | D:14     | Got a polished long sword
 19140 | D:14     | Found Diricva Qehi's General Store.
 19435 | D:15     | Entered Level 15 of the Dungeon
 19490 | D:15     | Noticed Azrael
 19534 | D:15     | Killed Azrael
 19574 | D:15     | Reached skill level 14 in Evocations
 19663 | D:15     | Found a shimmering altar of Xom.
 20008 | D:15     | Found a staircase to the Depths.
 20369 | Orc:1    | Entered Level 1 of the Orcish Mines
 20372 | Orc:1    | Noticed Erolcha
 20377 | Orc:1    | Noticed Erolcha
 20377 | Orc:1    | Erolcha changed into Erolcha the soldier ant
 20382 | Orc:1    | Killed Erolcha the soldier ant
 20514 | Orc:1    | Cast into level 2 of the Abyss (orc sorcerer)
 20514 | Abyss:2  | Found a corrupted altar of Lugonu.
 20534 | Abyss:2  | Found a corrupted altar of Lugonu.
 20580 | Abyss:2  | Noticed a bone dragon
 20604 | Abyss:2  | Killed a bone dragon
 20750 | Abyss:2  | Noticed a tentacled starspawn
 20753 | Abyss:2  | Found a corrupted altar of Lugonu.
 20761 | Abyss:2  | Killed a tentacled starspawn
 20768 | Orc:1    | Escaped the Abyss
 20837 | Orc:1    | Noticed Harold
 20855 | Orc:1    | Killed Harold
 20856 | Orc:1    | Found a runed door.
 20857 | Orc:1    | Noticed Scuka's ghost (journeyman GrBe)
 20901 | Orc:1    | Reached XP level 16. HP: 147/152 MP: 11/11
 21062 | Orc:2    | Entered Level 2 of the Orcish Mines
 21087 | Orc:2    | Found Puzeawib's Antique Weapon Shoppe.
 21194 | Orc:2    | Found a staircase to the Elven Halls.
 21251 | Orc:2    | Found Foam's Book Shop.
 21251 | Orc:2    | Found Ehep's Assorted Antiques.
 21251 | Orc:2    | Found Zuporphe's Distillery.
 21299 | Orc:2    | Found Ziluexte's Antique Armour Shop.
 21319 | Orc:2    | Bought a potion of mutation for 128 gold pieces
 21319 | Orc:2    | Bought a potion of mutation for 128 gold pieces
 21319 | Orc:2    | Bought a potion of mutation for 128 gold pieces
 21320 | Orc:2    | Bought a fizzy yellow potion for 27 gold pieces
 21320 | Orc:2    | Bought a scroll labeled ABOVVE MYLALOV for 30 gold pieces
 21320 | Orc:2    | Bought a runed bone wand for 120 gold pieces
 21320 | Orc:2    | Bought a jacinth-encrusted plate armour for 840 gold pieces
 21717 | Orc:2    | Identified the +3 flail "Globulus" {elec, rElec MR+ Int-3} (You found it on level 6 of the Lair of Beasts)
 21729 | Orc:2    | Identified the +8 plate armour of the Hall of Blades {rN+ MR+} (You bought it in a shop on level 2 of the Orcish Mines)
 22251 | D:7      | Bought the +0 helmet of Intercession {rPois rN+} for 258 gold pieces
 22427 | Swamp:1  | Entered Level 1 of the Swamp
 22599 | Swamp:1  | Lost mutation: Your magical capacity is low. (-10% MP) [potion of mutation]
 22599 | Swamp:1  | Gained mutation: Your spells are a little harder to cast, but a little more powerful. [potion of mutation]
 22599 | Swamp:1  | Gained mutation: You are partially covered in icy blue scales. (AC +2) [potion of mutation]
 22599 | Swamp:1  | Gained mutation: Your flesh is heat resistant. (rF+) [potion of mutation]
 22599 | Swamp:1  | Gained mutation: You have a pair of small antennae on your head. [potion of mutation]
 22600 | Swamp:1  | Lost mutation: Your spells are a little harder to cast, but a little more powerful. [potion of mutation]
 22600 | Swamp:1  | Lost mutation: You are partially covered in icy blue scales. (AC +2) [potion of mutation]
 22600 | Swamp:1  | Lost mutation: You have a pair of small antennae on your head. [potion of mutation]
 22600 | Swamp:1  | Lost mutation: Your flesh is heat resistant. (rF+) [potion of mutation]
 22600 | Swamp:1  | Gained mutation: You evolve. [potion of mutation]
 22600 | Swamp:1  | Gained mutation: You rapidly evolve. [potion of mutation]
 22600 | Swamp:1  | Gained mutation: You are dopey. (Int -2) [potion of mutation]
 22600 | Swamp:1  | Gained mutation: You possess an exceptional clarity of mind. [potion of mutation]
 22607 | Swamp:1  | Gained mutation: You passively map a large area around you. [evolution]
 22774 | Swamp:1  | Reached skill level 15 in Evocations
 23507 | Swamp:2  | Paralysed by a hornet for 1 turns
 24354 | Swamp:3  | Noticed a thorn hunter
 24378 | Swamp:3  | Killed a thorn hunter
 25031 | Swamp:4  | Entered Level 4 of the Swamp
 25196 | Swamp:4  | Reached XP level 17. HP: 156/162 MP: 14/14
 25307 | Swamp:4  | Reached skill level 16 in Evocations
 25387 | Swamp:4  | Got a decaying rune of Zot
 26240 | D:13     | Bought a +2 cloak of magic resistance for 322 gold pieces
 26499 | Spider:1 | Entered Level 1 of the Spider Nest
 26947 | Spider:1 | Reached skill level 15 in Armour
 27033 | Spider:1 | Reached skill level 15 in Shields
 27359 | Spider:1 | Reached skill level 15 in Axes
 28345 | Spider:2 | Gained mutation: You are frail. (-10% HP) [evolution]
 29168 | Spider:3 | Identified a scroll of acquirement
 29348 | Spider:3 | Mutation became permanent: You passively map the area around you. [Deep Dwarf growth]
 29348 | Spider:3 | Gained mutation: You passively map a large area around you. [Deep Dwarf growth]
 29348 | Spider:3 | Reached XP level 18. HP: 153/153 MP: 0/16
 29455 | Spider:4 | Entered Level 4 of the Spider Nest
 29461 | Spider:4 | Reached skill level 17 in Evocations
 29464 | Spider:4 | Paralysed by a hornet for 3 turns
 29482 | Spider:4 | Noticed Mara
 29505 | Spider:4 | Noticed kuniqs's illusion
 29547 | Spider:4 | Killed Mara
 30260 | Spider:4 | Got a gossamer rune of Zot
 30711 | Vaults:1 | Entered Level 1 of the Vaults
 31384 | Vaults:1 | Reached skill level 18 in Evocations
 31395 | Vaults:1 | Reached XP level 19. HP: 163/163 MP: 17/17
 31565 | Vaults:1 | Lost mutation: You rapidly evolve. [decline of evolution]
 32798 | Vaults:2 | Found a staircase to the Crypt.
 33507 | Vaults:3 | Noticed Aizul
 33526 | Vaults:3 | Killed Aizul
 33531 | Vaults:3 | Found Cybec's Magic Scroll Boutique.
 33837 | Vaults:3 | Reached skill level 19 in Evocations
 34285 | Vaults:4 | Reached XP level 20. HP: 147/173 MP: 18/18
 34559 | Vaults:4 | Reached skill level 15 in Fighting
 35275 | Vaults:5 | Entered Level 5 of the Vaults
 35455 | Vaults:5 | Noticed an ancient lich
 35484 | Vaults:5 | Killed an ancient lich
 35484 | Vaults:5 | Reached skill level 20 in Evocations
 35490 | Vaults:5 | Reached XP level 21. HP: 145/181 MP: 18/20
 35600 | Vaults:5 | Identified the Collected Works on the Bewitching Birds
 35733 | Vaults:5 | Noticed a golden dragon
 35734 | Vaults:5 | Gained mutation: Scrolls take you a little longer to read. [evolution]
 35747 | Vaults:5 | Killed a golden dragon
 35822 | Vaults:5 | Got a glittering turquoise ring
 35877 | Vaults:5 | Got a silver rune of Zot
 35881 | Vaults:5 | Identified the ring "Jegalom" {*Tele +Blink rF+} (You took it off a tengu reaver on level 5 of the Vaults)
 36297 | Vaults:5 | Identified the Tome of Intoxication and the Birds
 36452 | Vaults:5 | Noticed Mennas
 36496 | Vaults:5 | Killed Mennas
 36521 | Vaults:5 | Noticed a golden dragon
 36529 | Vaults:5 | Killed a golden dragon
 36529 | Vaults:5 | Reached skill level 21 in Evocations
 37165 | Elf:1    | Entered Level 1 of the Elven Halls
 37213 | Orc:1    | Killed Scuka's ghost
 37464 | Elf:1    | Reached XP level 22. HP: 181/192 MP: 20/20
 37626 | Elf:1    | Identified the amulet of the Hidden Spirits {Gourm rC- Str+5 Slay+6} (You found it on level 1 of the Elven Halls)
 37630 | Elf:1    | Identified the amulet "Pagocwau" {Inacc +Fly} (You found it on level 1 of the Elven Halls)
 38301 | Elf:2    | Lost mutation: You evolve. [potion of mutation]
 38301 | Elf:2    | Lost mutation: You are frail. (-10% HP) [potion of mutation]
 38301 | Elf:2    | Gained mutation: You have a pair of small horns on your head. [potion of mutation]
 38301 | Elf:2    | Gained mutation: Your magical capacity is low. (-10% MP) [potion of mutation]
 38301 | Elf:2    | Gained mutation: Your body sometimes deteriorates upon taking damage. [potion of mutation]
 38301 | Elf:2    | Gained mutation: You are partially covered in thin metallic scales. (AC +2) [potion of mutation]
 38301 | Elf:2    | Noticed Asterion
 38321 | Elf:2    | Killed Asterion
 38325 | Elf:2    | Lost mutation: You are dopey. (Int -2) [potion of mutation]
 38325 | Elf:2    | Lost mutation: Your magical capacity is low. (-10% MP) [potion of mutation]
 38325 | Elf:2    | Gained mutation: Your body often deteriorates upon taking damage. [potion of mutation]
 38325 | Elf:2    | Gained mutation: You are frail. (-10% HP) [potion of mutation]
 38325 | Elf:2    | Lost mutation: Scrolls take you a little longer to read. [potion of mutation]
 38325 | Elf:2    | Gained mutation: You have a pair of horns on your head. [potion of mutation]
 38327 | Elf:2    | Lost mutation: Your body often deteriorates upon taking damage. [potion of mutation]
 38327 | Elf:2    | Lost mutation: Your body sometimes deteriorates upon taking damage. [potion of mutation]
 38327 | Elf:2    | Lost mutation: You have a pair of horns on your head. [potion of mutation]
 38327 | Elf:2    | Gained mutation: You have large cloven feet. [potion of mutation]
 38328 | Elf:2    | Lost mutation: You have large cloven feet. [potion of mutation]
 38328 | Elf:2    | Lost mutation: You are frail. (-10% HP) [potion of mutation]
 38328 | Elf:2    | Gained mutation: You are agile. (Dex +2) [potion of mutation]
 38328 | Elf:2    | Gained mutation: Your magical capacity is low. (-10% MP) [potion of mutation]
 38328 | Elf:2    | Gained mutation: You evolve. [potion of mutation]
 38353 | Elf:2    | Found a runed gate.
 38353 | Elf:2    | Found a runed gate.
 38353 | Elf:2    | Found a runed gate.
 38647 | Elf:3    | Entered Level 3 of the Elven Halls
 39183 | Elf:3    | Reached skill level 22 in Evocations
 39291 | Elf:3    | Identified the cursed -3 cloak of Patterns {rCorr MP+9 Slay-5} (You found it on level 3 of the Elven Halls)
 39501 | Elf:3    | Gained mutation: You are covered in fur. (AC +1) [evolution]
 39560 | Elf:3    | Noticed Roxanne
 39870 | Depths:1 | Entered Level 1 of the Depths
 40095 | Depths:1 | Found a gateway to Hell.
 40165 | Depths:1 | Reached XP level 23. HP: 225/225 MP: 18/18
 40438 | Depths:1 | Found Uqol's Magic Scroll Shoppe.
 40446 | Depths:1 | Bought a scroll of acquirement for 1248 gold pieces
 40546 | Depths:2 | Found a gateway to a ziggurat.
 41405 | Depths:3 | Noticed a caustic shrike
 41420 | Depths:3 | Killed a caustic shrike
 41443 | Depths:3 | Reached skill level 23 in Evocations
 41554 | Depths:3 | Noticed a caustic shrike
 41581 | Depths:3 | Killed a caustic shrike
 41991 | Depths:3 | Noticed a juggernaut
 42020 | Depths:3 | Killed a juggernaut
 42024 | Depths:3 | Reached XP level 24. HP: 238/238 MP: 2/16
 42051 | Depths:3 | Identified the ring "Yvalequj" {MR+ Str+6} (You took it off a spriggan air mage on level 3 of the Depths)
 42236 | Depths:3 | Found a one-way gate leading to the halls of Pandemonium.
 42621 | Depths:4 | Reached skill level 24 in Evocations
 42649 | Depths:4 | Found a corrupted altar of Lugonu.
 42650 | Depths:4 | Found a one-way gate to the infinite horrors of the Abyss.
 43296 | Depths:5 | Entered Level 5 of the Depths
 43323 | Depths:5 | Noticed Jorgrun
 43338 | Depths:5 | Killed Jorgrun
 43614 | Depths:5 | Reached skill level 25 in Evocations
 43844 | Depths:5 | Reached XP level 25. HP: 234/250 MP: 14/14
 43908 | Depths:5 | Found an iron altar of Okawaru.
 43989 | Depths:5 | Found a gate to the Realm of Zot.
 44244 | Zot:1    | Entered Level 1 of the Realm of Zot
 45004 | Zot:1    | Gained mutation: You have large cloven feet. [evolution]
 45459 | Zot:1    | Reached skill level 26 in Evocations
 45636 | Zot:2    | Found a transporter.
 46017 | Zot:2    | Found a transporter.
 46409 | Zot:3    | Reached skill level 27 in Evocations
 46434 | Zot:3    | Reached XP level 26. HP: 178/266 MP: 13/13
 47628 | Zot:5    | Entered Level 5 of the Realm of Zot
 47869 | Zot:5    | Noticed an ancient lich
 47888 | Zot:5    | Killed an ancient lich
 47994 | Zot:5    | Noticed an ancient lich
 48013 | Zot:5    | Killed an ancient lich
 48169 | Depths:5 | Gained mutation: You are partially covered in slimy green scales. (AC +2) [evolution]
 48413 | Orc:2    | Bought faintly glowing pearl dragon scales for 3312 gold pieces
 48413 | Orc:2    | Identified the cursed +1 pearl dragon scales of the Camelopard {rN+ Int+3} (You bought it in a shop on level 2 of the Orcish Mines)
 48658 | D:7      | Bought an uncursed amulet of the acrobat for 360 gold pieces
 49178 | Zot:5    | Reached XP level 27. HP: 285/285 MP: 9/9
 49246 | Zot:5    | Noticed an ancient lich
 49247 | Zot:5    | Noticed an orb of fire
 49264 | Zot:5    | Killed an ancient lich
 49265 | Zot:5    | Gained mutation: Armour fits poorly on your strangely shaped body. [an orb of fire]
 49270 | Zot:5    | Noticed an ancient lich
 49277 | Zot:5    | Killed an orb of fire
 49285 | Zot:5    | Killed an ancient lich
 49290 | Zot:5    | Lost mutation: You have large cloven feet. [potion of mutation]
 49290 | Zot:5    | Lost mutation: Armour fits poorly on your strangely shaped body. [potion of mutation]
 49290 | Zot:5    | Lost mutation: You are agile. (Dex +2) [potion of mutation]
 49290 | Zot:5    | Gained mutation: Your mind is acute. (Int +2) [potion of mutation]
 49290 | Zot:5    | Gained mutation: Your mind is very acute. (Int +4) [potion of mutation]
 49528 | Zot:5    | Noticed an orb of fire
 49528 | Zot:5    | Noticed an orb of fire
 49534 | Zot:5    | Noticed an ancient lich
 49539 | Zot:5    | Killed an orb of fire
 49550 | Zot:5    | Killed an ancient lich
 49552 | Zot:5    | Gained mutation: You are frail. (-10% HP) [an orb of fire]
 49553 | Zot:5    | Killed an orb of fire
 49626 | Zot:5    | Noticed an orb of fire
 49628 | Zot:5    | Got the Orb of Zot
 49835 | Depths:4 | Noticed Saodd the pandemonium lord
 50208 | D:2      | Noticed Zahac the pandemonium lord
 50306 | D:$      | Escaped with the Orb!

Vault maps used:
D:1:      minmay_arrival_open_corners, bh_walls_and_bars
D:2:      fiery_altar_vehumet, first_ration, serial_undead, serial_undead_c,
          serial_undead_e, serial_undead_b, serial_undead_c,
          minmay_misc_feat_rows, minmay_box_of_dots
D:3:      cheibrodos_thug_alley, old_standard_altar, elyvilon_altar_1,
          uniq_robin
D:4:      kennysheep_slug_shrine, serial_forest, infiniplex_forest_clump_double,
          infiniplex_forest_straight_3, infiniplex_forest_zigzag_1,
          infiniplex_forest_clump_C, infiniplex_forest_zigzag_1,
          infiniplex_forest_zigzag_2
D:5:      nemelex_xobeh_ov_fountains_minmay
D:6:      gammafunk_temple_overflow_statue, gammafunk_ghost_cemetery,
          serial_shops, kennysheep_mini, grunt_qazlal_clouds, uniq_grinder,
          uniq_pikel
D:7:      lemuel_temple_firewalk_b, serial_shops, shop, nicolae_shop_trees,
          nicolae_shop_window_shopping, shop, shop, grunt_livestock
D:8:      zin_purify, kennysheep_mini_moat, uniq_maurice
D:9:      hangedman_cross_cluster, david_lair_shrubbed,
          hangedman_abyss_or_decor_clamps
D:10:     uniq_sonja
D:12:     david_orc_1_choice, enter_trove_1, doesnt_xom_only_xom
D:13:     serial_shops, nicolae_shop_competitors_out_of_business, st_stairs_9,
          grunt_decor_arrowhead
D:14:     minmay_curly_fans, david_vaults_3, serial_shops, shop,
          infiniplex_staircase_9_rooms
D:15:     grunt_enter_depths_magical_seal, hangedman_abyss_or_decor_stagger,
          basic_altar, uniq_azrael
Temple:   jpeg_temple_clearing
Lair:1:   grunt_megastairs_5
Lair:2:   minmay_lair_oklob_chamber, infiniplex_staircase_pool,
          lemuel_fruit_tree, serial_bayou_shore_b, grunt_megastairs_3,
          uniq_gastronok
Lair:3:   spider_nest_entry_webs, grunt_megastairs_4, serial_bayou_shore_b,
          uniq_urug
Lair:4:   swamp_mist_pool, portal_ice_cave_rime, serial_bayou_pond_a
Lair:5:   dpeg_oklob_gauntlet
Lair:6:   hangedman_lair_caniforms_friends, hangedman_lair_in_review,
          minmay_slime_entry_pillars, tgw_fedhas
Swamp:1:  nicolae_swamp_little_tower
Swamp:2:  evilmike_swamp_ruin_wall, swamp_pool4, cheibrodos_swamp_pet_leeches
Swamp:3:  nicolae_swamp_round_clearing
Swamp:4:  swamp_alternative
Spider:1: spider_temple_joshua
Spider:4: floodkiller_spider_rune_tomb, uniq_mara
Orc:1:    ebering_ghost_reflecting_pool, uniq_erolcha, uniq_harold
Orc:2:    st_orc_mages, serial_shops, shop
Elf:1:    minmay_elf_arrival_circle, hex_medium,
          minmay_checkered_concentric_circles
Elf:2:    serial_glass, glass_columns_a, glass_columns_a, minivault_15,
          minmay_misc_feat_ornament, uniq_asterion, uniq_nikola
Elf:3:    grunt_elf_hall_asides, serial_sigils, serial_sigils_hangedman_stare,
          serial_sigils_hangedman_quiver, serial_sigils_hangedman_writhe,
          serial_sigils_hangedman_scratch, serial_sigils_hangedman_shear,
          serial_sigils_hangedman_quiver, uniq_roxanne
Vaults:1: nicolae_vaults_triangles, st_spiral_rooms,
          hangedman_vaults_variations, vaults_dpeg_spiral,
          nicolae_vaults_yaktaur_gun_rack, ontoclasm_vaults_twist,
          nicolae_vaults_three_branches, vaults_room_fours
Vaults:2: minmay_crypt_entry_simple_walls, vaults_room_hallway,
          hangedman_vaults_nodes, ontoclasm_vaults_ring_small,
          ontoclasm_vaults_gateway, grunt_vaults_hallway_short, v_alt_pattern_1,
          nicolae_vaults_mini_display_case
Vaults:3: dpeg_vaults_monster_box, nicolae_vaults_hallways_thing,
          hangedman_vaults_maws, ontoclasm_vaults_hangar,
          ontoclasm_vaults_ligature, nicolae_vaults_murderbox,
          nicolae_vaults_little_squares_3, ontoclasm_vaults_fault,
          ontoclasm_vaults_pinch, v_pattern_1, serial_shops, shop_statue,
          uniq_aizul
Vaults:4: v_misc_26, vaults_room_pool, ontoclasm_vaults_shuriken,
          nicolae_vaults_inception_corners, nicolae_vaults_network_quincunx,
          v_misc_5, v_misc_12, v_pattern_5, vaults_dpeg_doors
Vaults:5: uniq_mennas
Depths:1: hex_tiny, hangedman_geh_valley, serial_shops, shop, lightli_minifort
Depths:2: cheibrodos_tormentor_scu, enter_ziggurat_c, nrook_mini_backslash,
          hellmouth_1, hangedman_abyss_or_decor_stabs, kennysheep_four_rooms,
          minmay_staircase_statues_hall_small
Depths:3: hangedman_pleasuredromes, pan_entry, hell_entry
Depths:4: evilmike_lava_path, hell_entry, abyss_entry_flame_altar
Depths:5: grunt_zot_entry_bicorn, grunt_mini_vestibule, dk_noncrumbling_3,
          okawaru_ov_weapons_minmay, uniq_jorgrun
Zot:1:    st_single_dragon_hoard_1, grunt_megastairs_2
Zot:2:    gammafunk_sealed_arena, st_stairs_1
Zot:3:    lemuel_draconian_sentries, st_stairs_12, zot_minivault_1
Zot:5:    hangedman_zot_decor_scrapings
Abyss:2:  evilmike_abyss_exit_13, hangedman_abyss_or_decor_slice
IceCv:    ice_cave_caverns_01

Skill      XL: |  1  2  3  4  5  6  7  8  9 10 11 12 13 14 15 16 17 18 19 20 21 22 23 24 25 26 27 |
---------------+----------------------------------------------------------------------------------+-----
Dodging        | 1 2 3 4 5 6 7 8 9 10 | 10.0
Fighting       | 3 4 5 6 7 8 9 10 11 12 13 14 15 16 17 18 19 21 24 25 | 25.8
Axes           | 3 4 5 6 7 8 10 11 12 13 14 15 16 17 18 | 18.0
Shields        | 4 5 6 7 8 9 10 11 12 13 14 15 16 17 18 19 20 | 20.0
Armour         | 4 5 6 7 8 9 10 11 12 13 14 15 16 17 18 19 21 22 | 22.0
Evocations     | 3 5 7 8 10 11 13 14 15 16 18 19 20 21 22 23 25 27 | 27.0
Invocations    | 3 5 7 8 |  8.0

Action                   |  1- 3 |  4- 6 |  7- 9 | 10-12 | 13-15 | 16-18 | 19-21 | 22-24 | 25-27 || total
-------------------------+-------+-------+-------+-------+-------+-------+-------+-------+-------++-------
Melee: War axe           |   142 |   114 |    51 |   654 |  1769 |  1759 |       |       |       ||  4489
       Dagger            |       |   177 |   466 |   498 |    15 |       |       |       |       ||  1156
       Scimitar          |       |       |       |       |     8 |   107 |       |       |       ||   115
       Broad axe         |       |       |       |       |       |   603 |  1421 |  1387 |  1321 ||  4732
       Headbutt          |       |       |       |       |       |       |       |   397 |   416 ||   813
Invok: Lesser Servant of |       |       |       |     5 |    23 |     8 |       |     4 |     2 ||    42
 Abil: Heal Wounds       |     1 |     4 |     8 |    18 |    11 |     7 |     6 |    24 |    16 ||    95
       Evoke Ratskin     |       |       |       |     2 |       |     2 |       |       |       ||     4
Evoke: Wand              |       |       |       |     9 |    41 |    27 |     9 |    40 |    20 ||   146
       Sack of spiders   |       |       |       |       |       |       |     1 |     1 |       ||     2
       Lamp of fire      |       |       |       |       |       |       |       |     2 |       ||     2
       Phial of floods   |       |       |       |       |       |       |       |     1 |     1 ||     2
  Use: Scroll            |       |     4 |     5 |     7 |     6 |    18 |     7 |     9 |     4 ||    60
       Potion            |       |     1 |       |     1 |     1 |     6 |       |     6 |    12 ||    27
 Stab: Distracted        |       |       |       |     1 |     8 |     3 |     2 |     2 |       ||    16
       Confused          |       |       |       |       |       |     2 |       |       |       ||     2
       Paralysed         |       |       |       |       |       |       |       |       |     6 ||     6
  Eat: Chunk             |     1 |     7 |     7 |    21 |    36 |    33 |    21 |    22 |     6 ||   154
       Ration            |       |       |     1 |     1 |       |     2 |       |       |     5 ||     9
Armor: Scale mail        |    55 |   142 |    80 |       |       |       |       |       |       ||   277
       Plate armour      |       |       |   157 |   598 |  1062 |  1571 |   591 |   634 |   688 ||  5301
       Skin              |       |       |       |       |       |       |       |       |    55 ||    55
Dodge: Dodged            |    55 |    93 |   107 |   284 |   610 |   840 |   321 |   440 |   407 ||  3157
Block: Shield            |    73 |   154 |    97 |       |       |       |       |       |       ||   324
       Large shield      |       |       |   261 |  1076 |  2086 |  2868 |  1329 |  1568 |  1456 || 10644
       Rpst.: Scimitar   |       |       |       |       |       |    20 |       |       |       ||    20

Table legend:
 A = Spawn XP
 B = Non-spawn XP
 C = Spawn XP percentage of total XP
 D = Spawn monster count
 E = Non-spawn monster count
 F = Spawn count percentage of total count
 G = Total turns spent on level
                    A         B        C        D         E        F      G
               +---------+---------+-------+---------+---------+-------+---------
         Total |    8831 | 1609375 |   0.5 |      17 |    2361 |   0.7 | 50306
               +---------+---------+-------+---------+---------+-------+---------
           D:1 |       0 |      37 |   0.0 |       0 |      21 |   0.0 |   905
           D:2 |       0 |     101 |   0.0 |       0 |      23 |   0.0 |   782
           D:3 |       0 |     306 |   0.0 |       0 |      43 |   0.0 |  1018
           D:4 |       0 |     242 |   0.0 |       0 |      21 |   0.0 |   676
           D:5 |       0 |     709 |   0.0 |       0 |      18 |   0.0 |   595
           D:6 |       0 |    1531 |   0.0 |       0 |      19 |   0.0 |  1023
           D:7 |       0 |    1721 |   0.0 |       0 |      21 |   0.0 |   914
           D:8 |       0 |    1441 |   0.0 |       0 |      26 |   0.0 |  1553
           D:9 |       0 |    7614 |   0.0 |       0 |      59 |   0.0 |  1804
          D:10 |       0 |    2076 |   0.0 |       0 |      24 |   0.0 |   821
          D:11 |       0 |    3769 |   0.0 |       0 |      23 |   0.0 |  1215
          D:12 |       0 |    3382 |   0.0 |       0 |      28 |   0.0 |  1167
          D:13 |       0 |    4442 |   0.0 |       0 |      18 |   0.0 |  1212
          D:14 |       0 |   20228 |   0.0 |       0 |      72 |   0.0 |   981
          D:15 |       0 |   10940 |   0.0 |       0 |      32 |   0.0 |  1058
        Lair:1 |       0 |    2462 |   0.0 |       0 |      12 |   0.0 |  1156
        Lair:2 |       0 |    6663 |   0.0 |       0 |      18 |   0.0 |   822
        Lair:3 |       0 |    4815 |   0.0 |       0 |      27 |   0.0 |   709
        Lair:4 |       0 |    6013 |   0.0 |       0 |      22 |   0.0 |   878
        Lair:5 |       0 |   12477 |   0.0 |       0 |      35 |   0.0 |   839
        Lair:6 |       0 |   31186 |   0.0 |       0 |     128 |   0.0 |  1876
       Swamp:1 |       0 |   11577 |   0.0 |       0 |      27 |   0.0 |   943
       Swamp:2 |       0 |   17846 |   0.0 |       0 |      43 |   0.0 |   946
       Swamp:3 |       0 |   14303 |   0.0 |       0 |      27 |   0.0 |   760
       Swamp:4 |       0 |   24347 |   0.0 |       0 |      59 |   0.0 |   883
      Spider:1 |       0 |   23374 |   0.0 |       0 |      51 |   0.0 |  1058
      Spider:2 |       0 |   14978 |   0.0 |       0 |      52 |   0.0 |  1185
      Spider:3 |       0 |   19781 |   0.0 |       0 |      41 |   0.0 |   819
      Spider:4 |       0 |   55288 |   0.0 |       0 |     106 |   0.0 |   913
         Orc:1 |       0 |   13077 |   0.0 |       0 |      42 |   0.0 |   938
         Orc:2 |       0 |    6105 |   0.0 |       0 |      78 |   0.0 |  1028
         Elf:1 |       0 |   26750 |   0.0 |       0 |      41 |   0.0 |   896
         Elf:2 |       0 |   21476 |   0.0 |       0 |      28 |   0.0 |   554
         Elf:3 |       0 |   58187 |   0.0 |       0 |      47 |   0.0 |  1000
      Vaults:1 |       0 |   42854 |   0.0 |       0 |      80 |   0.0 |  1270
      Vaults:2 |       0 |   25193 |   0.0 |       0 |      52 |   0.0 |  1120
      Vaults:3 |       0 |   52925 |   0.0 |       0 |      86 |   0.0 |  1100
      Vaults:4 |       0 |   59005 |   0.0 |       0 |      70 |   0.0 |  1186
      Vaults:5 |       0 |  170369 |   0.0 |       0 |     125 |   0.0 |  1643
      Depths:1 |       0 |   39176 |   0.0 |       0 |      51 |   0.0 |   652
      Depths:2 |       0 |   56389 |   0.0 |       0 |      68 |   0.0 |  1010
      Depths:3 |       0 |  109554 |   0.0 |       0 |     100 |   0.0 |  1143
      Depths:4 |       0 |   60493 |   0.0 |       0 |      60 |   0.0 |   950
      Depths:5 |       0 |   92603 |   0.0 |       0 |      72 |   0.0 |  1029
         Zot:1 |       0 |   49338 |   0.0 |       0 |      25 |   0.0 |  1123
         Zot:2 |       0 |   36671 |   0.0 |       0 |      21 |   0.0 |   553
         Zot:3 |       0 |   91720 |   0.0 |       0 |      51 |   0.0 |   797
         Zot:4 |       0 |   78802 |   0.0 |       0 |      42 |   0.0 |   773
         Zot:5 |       0 |  198488 |   0.0 |       0 |      67 |   0.0 |   993
       Abyss:2 |    8831 |    3374 |  72.4 |      17 |       5 |  77.3 |   254
         IceCv |       0 |   13177 |   0.0 |       0 |      54 |   0.0 |   683
               +---------+---------+-------+---------+---------+-------+---------
